 Dungeon Crawl Stone Soup version 0.24.0-41-g2ae2f7f1be (webtiles) character file.

Game seed: 2811524852227185364, levelgen mode: deterministic

80761 holsgrj2 the Severer (level 15, -1/211 HPs)
             Began as a Hill Orc Berserker on Dec 13, 2019.
             Was an Elder of Trog.
             Killed by the raging water
             ... invoked by a water nymph
              (21 damage)
             ... on level 2 of the Shoals on Dec 14, 2019.
             The game lasted 02:16:05 (22799 turns).

holsgrj2 the Severer (Hill Orc Berserker)          Turns: 22799, Time: 02:16:06

Health: -1/211     AC: 27    Str: 29    XL:     15   Next: 68%
Magic:  15/15      EV:  2    Int:  7    God:    Trog [****..]
Gold:   958        SH:  0    Dex: 13    Spells: 14/14 levels left

rFire    . . .     SeeInvis .   R - +6 executioner's axe (drain)
rCold    . . .     Gourm    .   (shield currently unavailable)
rNeg     + + +     Faith    .   (armour currently unavailable)
rPois    +         Spirit   .   (helmet currently unavailable)
rElec    .         Reflect  .   (cloak currently unavailable)
rCorr    .         Harm     .   (gloves currently unavailable)
MR       +++..     NoTele   +   (boots currently unavailable)
Stlth    ++........             V - amulet of regeneration
HPRegen  1.85/turn              B - +5 ring of strength
MPRegen  0.14/turn              N - ring of poison resistance

@: tree-form, berserk cooldown, regenerating, slowed, very slow
A: no striking features
a: Berserk, Trog's Hand, Brothers in Arms, Renounce Religion


You were on level 2 of the Shoals.
You worshipped Trog.
Trog was greatly pleased with you.
You were not hungry.
You were a tree.
You visited 4 branches of the dungeon, and saw 21 of its levels.

You collected 2299 gold pieces.
You spent 1341 gold pieces at shops.

Inventory:

Hand Weapons
 i - a +3 hand axe of freezing
 C - the +10 zealot's sword {holy, *Rage rN+ EV+3}
   (You found it on level 4 of the Lair of Beasts)

   It has been blessed by the Shining One to cause great damage to the undead
   and demons.
   It affects your evasion (+3).
   It protects you from negative energy.
   It may make you go berserk in combat.
 I - a +0 eveningstar of freezing
 R - a +6 executioner's axe of draining (weapon)
 S - a +1 long sword of holy wrath
 W - a +1 antimagic broad axe
Armour
 g - a +0 plate armour
 m - a +0 pair of boots
 p - a +0 plate armour of fire resistance (melded)
 s - a +0 cloak (melded)
 z - a +2 pair of gloves of dexterity (melded)
 D - the +2 helmet of Raerim (melded) {MR+}
   (You bought it in a shop on level 2 of the Orcish Mines)

   It affects your resistance to hostile enchantments.
 F - a +0 plate armour
 G - a +0 pair of boots (melded)
Jewellery
 a - an uncursed ring of protection from fire
 e - an uncursed ring of fire
 B - a +5 ring of strength (left branch)
 N - a ring of poison resistance (right branch)
 V - an amulet of regeneration (around neck)
Wands
 j - a wand of flame (42)
 r - a wand of clouds (3)
 w - a wand of iceblast (6)
 O - a wand of random effects (17)
 P - a wand of paralysis (17)
Scrolls
 b - 3 scrolls of noise {unknown}
 k - 19 scrolls of remove curse
 l - 8 scrolls of teleportation
 o - a scroll of fog {unknown}
 q - 4 scrolls of blinking
 v - 3 scrolls of random uselessness {unknown}
 y - 3 scrolls of magic mapping
 A - a scroll of enchant armour
 E - 8 scrolls of identify
 H - a scroll of acquirement {unknown}
 J - 5 scrolls of amnesia {unknown}
 L - a scroll of holy word {unknown}
 T - 2 scrolls of vulnerability {unknown}
Potions
 d - 2 potions of haste
 f - 2 potions of curing
 h - 3 potions of mutation
 n - a potion of ambrosia {unknown}
 t - 5 potions of flight
 u - 2 potions of berserk rage {unknown}
 x - 2 potions of invisibility {unknown}
 K - a potion of heal wounds
 M - 3 potions of lignification
 Q - 3 potions of might {unknown}
 U - 2 potions of agility {unknown}
 X - 2 potions of brilliance {unknown}
 Z - a potion of cancellation {unknown}
Miscellaneous
 Y - a lightning rod (4/4)
Comestibles
 c - 20 rations


   Skills:
 + Level 15.2 Fighting
 - Level 19.8(20.0) Axes
 - Level 4.4(12.3) Maces & Flails
 - Level 14.5 Armour
 * Level 8.1 Dodging
 - Level 1.0 Stealth
   Level 6.5 Shields


You had 14 spell levels left.
You didn't know any spells.
Your spell library was empty.

Dungeon Overview and Level Annotations

Branches:
Dungeon (11/15)            Temple (0/1) D:4            Lair (6/6) D:11
 Shoals (2/4) Lair:4       Spider (0/4) Lair:4        Slime (0/5) Lair:6
    Orc (2/2) D:11            Elf (0/3) Orc:2

Altars:
Ashenzari
Cheibriados
Dithmenos
Hepliaklqana
Kikubaaqudgha
Nemelex Xobeh
Okawaru
Trog
Uskayaw
Zin
The Shining One
Beogh

Shops:
D:4 [   D:11 %   Orc:2 [(?%

Annotations:
Lair:1 exclusion: 2 oklob plants


Message History

You slice the merfolk!! You drain the merfolk!
The merfolk is severely wounded.
You hit the water nymph. The water nymph touches you.
The water nymph drowns you!
* * * LOW HITPOINT WARNING * * *
The merfolk barely misses you. The water nymph touches you.
The water nymph drowns you!
* * * LOW HITPOINT WARNING * * *
Really quaff the potion of lignification?
You turn into a tree.
Your +0 cloak melds into your body.
The +2 helmet of Raerim {MR+} melds into your body.
Your +2 pair of gloves of dexterity melds into your body.
Your +0 pair of boots melds into your body.
Your +0 plate armour of fire resistance melds into your body.
You feel clumsy.
You feel less resistant to fire.
Your roots penetrate the ground.
The merfolk hits you but does no damage.
The water nymph casts a spell at you. The water swirls and strikes you!!
You die...

...#.≈....≈≈≈≈≈≈≈≈≈≈≈≈≈≈
...##.....≈≈≈≈≈≈≈≈≈≈≈≈≈≈
.>......≈≈≈≈≈≈≈≈≈≈≈≈≈≈≈≈
..>......≈≈≈≈≈≈≈≈≈≈≈≈≈≈≈
...≈.......≈≈≈≈≈≈≈≈≈≈≈≈≈
###≈≈.....!≈≈≈≈≈≈≈≈≈≈≈≈≈
.##......≈≈≈≈≈≈≈≈≈≈≈≈≈≈≈
.........≈≈≈≈≈≈≈mm≈≈≈≈≈≈
.....[...≈≈≈≈≈≈≈♣≈≈≈≈≈≈≈
...###......≈≈....≈.≈≈≈≈
...# #P..P#.........>≈≈≈
...###..........#.≈≈≈≈≈≈
....#..........##.....≈≈
....#.PP.P≈≈≈≈..(.......
......PP.P≈≈≈≈...≈.....#
......PP.≈≈≈≈≈...≈≈....#
.≈≈...###...≈≈..≈≈≈≈...#


You could see a merfolk and a water nymph.

Vanquished Creatures
  Rupert (Lair:4)
  An orc warlord (Orc:2)
  A merfolk impaler (Shoals:1)
  Josephine (Lair:4)
  A fire dragon (Lair:6)
  Fannar (Lair:3)
  10 hydras
  A merfolk avatar (Shoals:1)
  A two-headed ogre (D:11)
  Erica (D:8)
  6 death yaks (Lair:6)
  A tengu warrior (D:10)
  2 orc high priests (Orc:2)
  Urug (Lair:2)
  Nergalle (Lair:3)
  The ghost of ThereIsNoGod the Grappler, a novice NaTm of Cheibriados (D:8)
  A sea snake (Shoals:2)
  Pikel (D:4)
  3 orc knights (Orc:2)
  8 harpies (Shoals:2)
  4 orc sorcerers (Orc:2)
  A cyclops (Shoals:1)
  2 fauns (Shoals:1)
  7 manticores
  2 elephants (Lair:5)
  2 merfolk sirens
  3 black mambas
  A water nymph (Shoals:1)
  5 torpor snails (Lair:2)
  6 komodo dragons
  10 spiny frogs
  4 rime drakes
  2 wind drakes (Shoals:1)
  10 polar bears
  A jumping spider (Lair:4)
  2 trolls
  4 merfolk
  3 blink frogs
  A snapping turtle (Shoals:1)
  4 dream sheep (Shoals:1)
  A raiju (Lair:6)
  9 hippogriffs
  2 water elementals
  53 yaks
  2 wyverns
  5 wraiths
  Grum (D:10)
  A steam dragon (Lair:6)
  2 basilisks
  Menkaure (D:4)
  The ghost of Nebesus the Shield-Bearer, an amateur GrFi of Cheibriados (D:5)
  7 wargs
  An acid dragon (Lair:6)
  8 water moccasins
  11 porcupines
  11 hell hounds (Lair:6)
  3 swamp drakes (Lair:6)
  2 ice beasts
  31 orc warriors
  12 black bears
  An eye of draining (D:10)
  A sky beast (D:10)
  13 ogres
  21 wolves
  3 phantoms
  5 centaurs
  2 necrophages
  9 crocodiles
  A big kobold (D:7)
  14 bullfrogs
  4 gnoll sergeants
  2 scorpions
  3 killer bees (D:11)
  3 wights (D:8)
  3 electric eels (Lair:5)
  A howler monkey (D:10)
  9 crimson imps
  A bullfrog zombie (D:10)
  5 jellies
  2 quasits
  15 hounds
  17 orc priests
  2 centaur skeletons
  26 orc wizards
  2 gnoll shamans (D:10)
  Jessica (D:3)
  A bullfrog skeleton (D:5)
  7 worker ants
  Natasha (thrice) (D:2)
  3 iguanas
  A hound skeleton (D:4)
  A worker ant zombie (D:7)
  25 gnolls
  17 adders
  A howler monkey skeleton (D:5)
  2 shadow imps
  An adder zombie (D:5)
  3 adder skeletons
  2 worms
  4 dart slugs
  3 leopard geckos
  107 orcs
  3 ball pythons (D:2)
  4 bats
  10 giant cockroaches
  8 goblins
  5 hobgoblins
  19 jackals
  14 kobolds
  6 quokkas
  6 frilled lizards
  A goblin skeleton (D:11)
  A goblin zombie (D:11)
  A hobgoblin skeleton (D:11)
  A hobgoblin zombie (D:11)
  A jackal zombie (D:9)
  A leopard gecko zombie (D:7)
  An orc skeleton (D:11)
  2 orc zombies (D:11)
  3 rats
  4 fungi
  18 plants
738 creatures vanquished.

Vanquished Creatures (collateral kills)
  Snorg (Orc:2)
  An orc high priest (Orc:2)
  A swamp dragon (Lair:6)
  An orc sorcerer (Orc:2)
  A spiny frog (Lair:2)
  A torpor snail (Lair:2)
  9 yaks (Lair:2)
  A warg (Lair:6)
  2 porcupines (Lair:2)
  3 hell hounds (Lair:6)
  A phantom (D:11)
  2 ogres
  4 orc warriors
  An eye of draining (D:11)
  4 wolves (Lair:6)
  A crocodile (Lair:6)
  A big kobold (D:11)
  A bullfrog (D:11)
  2 troll zombies (D:11)
  A hound (D:11)
  An orc priest (D:11)
  4 orc wizards
  6 ogre zombies (D:11)
  4 orcs
  2 goblin skeletons (D:11)
  A goblin zombie (D:11)
  A hobgoblin skeleton (D:11)
  A hobgoblin zombie (D:11)
  3 kobolds (D:11)
  4 orc skeletons (D:11)
  9 orc zombies (D:11)
  A plant (Lair:6)
76 creatures vanquished.

Vanquished Creatures (others)
  An orc (D:4)
  8 fungi
  19 plants
28 creatures vanquished.

Grand Total: 842 creatures vanquished

Notes
Turn   | Place    | Note
-------+----------+-------------------------------------------
     0 | D:1      | holsgrj2 the Hill Orc Berserker began the quest for the
                  | Orb.
     0 | D:1      | Reached XP level 1. HP: 19/19 MP: 1/1
   344 | D:1      | Reached XP level 2. HP: 24/27 MP: 2/2
   778 | D:2      | Reached XP level 3. HP: 32/34 MP: 3/3
   819 | D:2      | Noticed Natasha
   831 | D:2      | Killed Natasha
   831 | D:2      | Reached skill level 5 in Axes
   831 | D:2      | Reached XP level 4. HP: 41/41 MP: 4/4
   948 | D:2      | Reached ** piety under Trog
  1006 | D:2      | Found a shadowy altar of Dithmenos.
  1007 | D:2      | Found a hide-covered altar of Uskayaw.
  1007 | D:2      | Found a shattered altar of Ashenzari.
  1009 | D:2      | Found an ancient bone altar of Kikubaaqudgha.
  1009 | D:2      | Found a bloodstained altar of Trog.
  1013 | D:2      | Noticed Natasha
  1019 | D:2      | Killed Natasha
  1417 | D:2      | Noticed Natasha
  1425 | D:2      | Killed Natasha
  1425 | D:2      | Reached skill level 5 in Fighting
  1425 | D:2      | Reached XP level 5. HP: 45/48 MP: 5/5
  1689 | D:3      | Reached skill level 6 in Axes
  1854 | D:3      | Reached XP level 6. HP: 52/56 MP: 6/6
  1908 | D:3      | Found a sparkling altar of Nemelex Xobeh.
  1908 | D:3      | Noticed Jessica
  1914 | D:3      | Killed Jessica
  2361 | D:3      | Reached *** piety under Trog
  2462 | D:3      | Found a hazy altar of Hepliaklqana.
  2625 | D:4      | Reached skill level 7 in Axes
  2755 | D:4      | Noticed Menkaure
  2766 | D:4      | Killed Menkaure
  2766 | D:4      | Reached XP level 7. HP: 40/62 MP: 7/7
  2967 | D:4      | Found Sour's Antique Armour Shop.
  2971 | D:4      | Bought a pair of embroidered gloves for 225 gold pieces
  3379 | D:4      | Noticed Pikel
  3406 | D:4      | Killed Pikel
  3406 | D:4      | Reached skill level 9 in Axes
  3406 | D:4      | Reached skill level 5 in Armour
  3406 | D:4      | Reached XP level 8. HP: 71/71 MP: 8/8
  4001 | D:4      | Found a staircase to the Ecumenical Temple.
  4221 | D:5      | Entered Level 5 of the Dungeon
  4237 | D:5      | Found a runed translucent door.
  4244 | D:5      | Noticed Nebesus's ghost (amateur GrFi)
  4261 | D:5      | Killed Nebesus's ghost
  4341 | D:5      | Reached skill level 10 in Axes
  4568 | D:5      | Reached skill level 11 in Axes
  4568 | D:5      | Reached XP level 9. HP: 64/79 MP: 9/9
  4887 | D:5      | Reached **** piety under Trog
  5208 | D:6      | Reached skill level 1 in Shields
  5218 | D:6      | Reached skill level 12 in Axes
  5718 | D:6      | Found a glowing silver altar of Zin.
  6316 | D:7      | Reached XP level 10. HP: 89/90 MP: 10/10
  6365 | D:7      | Reached skill level 13 in Axes
  6814 | D:7      | Found an iron altar of Okawaru.
  6943 | D:8      | Reached ***** piety under Trog
  7113 | D:8      | Got a faintly humming leather armour
  7217 | D:8      | Found a runed translucent gate.
  7217 | D:8      | Found a runed translucent gate.
  7217 | D:8      | Found a runed translucent gate.
  7217 | D:8      | Noticed ThereIsNoGod's ghost (novice NaTm)
  7253 | D:8      | Killed ThereIsNoGod's ghost
  7292 | D:8      | Noticed Erica
  7306 | D:8      | Killed Erica
  7306 | D:8      | Reached skill level 14 in Axes
  7398 | D:8      | Identified the +1 leather armour of Death Resistance
                  | {Str+2} (You found it on level 8 of the Dungeon)
  8174 | D:9      | Reached skill level 5 in Shields
  8283 | D:9      | Reached XP level 11. HP: 86/97 MP: 11/11
  8990 | D:10     | Entered Level 10 of the Dungeon
  9174 | D:10     | Received a gift from Trog
  9182 | D:10     | Reached skill level 10 in Fighting
  9369 | D:10     | Reached skill level 15 in Axes
  9529 | D:10     | Noticed Grum
  9532 | D:10     | Killed Grum
  9588 | D:10     | Noticed a tengu warrior
  9601 | D:10     | Killed a tengu warrior
 10460 | D:11     | Found a staircase to the Lair.
 10552 | D:11     | Received a gift from Trog
 10568 | D:11     | Found a staircase to the Orcish Mines.
 10658 | D:11     | Noticed a two-headed ogre
 10675 | D:11     | Killed a two-headed ogre
 10973 | D:11     | Found Cekhuaz's Food Boutique.
 11149 | Lair:1   | Entered Level 1 of the Lair of Beasts
 11162 | Lair:1   | Reached skill level 16 in Axes
 11162 | Lair:1   | Reached XP level 12. HP: 95/107 MP: 12/12
 11518 | Lair:1   | Found a glowing golden altar of the Shining One.
 11567 | Lair:1   | Reached skill level 10 in Armour
 12308 | Lair:2   | Reached skill level 17 in Axes
 12314 | Lair:2   | Noticed Urug
 12317 | Lair:2   | Received a gift from Trog
 12337 | Lair:2   | Killed Urug
 12343 | Lair:2   | Reached skill level 5 in Dodging
 12706 | Lair:2   | Reached XP level 13. HP: 111/116 MP: 13/13
 12802 | Lair:2   | Received a gift from Trog
 13230 | Lair:2   | Found a snail-covered altar of Cheibriados.
 13402 | Lair:3   | Noticed Nergalle
 13413 | Lair:3   | Killed Nergalle
 13920 | Lair:3   | Noticed Fannar
 13931 | Lair:3   | Killed Fannar
 13934 | Lair:3   | Reached skill level 1 in Maces & Flails
 14679 | Lair:3   | Reached skill level 18 in Axes
 15038 | Lair:4   | Found the +10 zealot's sword {holy, *Rage rN+ EV+3}
 15174 | Lair:4   | Found a hole to the Spider Nest.
 15244 | Lair:4   | Noticed Rupert
 15262 | Lair:4   | Killed Rupert
 15473 | Lair:4   | Noticed Josephine
 15488 | Lair:4   | Killed Josephine
 15589 | Lair:4   | Found a staircase to the Shoals.
 16249 | Lair:5   | Reached XP level 14. HP: 116/126 MP: 14/14
 16914 | Lair:6   | Entered Level 6 of the Lair of Beasts
 16914 | Lair:6   | Found a staircase to the Slime Pits.
 17040 | Lair:6   | Reached skill level 19 in Axes
 17930 | Lair:6   | Received a gift from Trog
 19356 | Orc:1    | Entered Level 1 of the Orcish Mines
 19520 | Orc:2    | Entered Level 2 of the Orcish Mines
 19604 | Orc:2    | Found a staircase to the Elven Halls.
 19687 | Orc:2    | Found a roughly hewn altar of Beogh.
 19732 | Orc:2    | Found a roughly hewn altar of Beogh.
 19739 | Orc:2    | Reached XP level 15. HP: 136/136 MP: 15/15
 19751 | Orc:2    | Found Ogeliv's Magic Scroll Emporium.
 19760 | Orc:2    | Bought a scroll of identify for 24 gold pieces
 19760 | Orc:2    | Bought a scroll of magic mapping for 42 gold pieces
 19760 | Orc:2    | Bought a scroll of teleportation for 36 gold pieces
 19760 | Orc:2    | Bought a scroll of enchant armour for 90 gold pieces
 19802 | Orc:2    | Received a gift from Trog
 19925 | Orc:2    | Found a roughly hewn altar of Beogh.
 19963 | Orc:2    | Found Ducael's Food Boutique.
 20122 | Orc:2    | Found a roughly hewn altar of Beogh.
 20321 | Orc:2    | Noticed Snorg
 20329 | Orc:2    | Killed Snorg
 20472 | Orc:2    | Noticed an orc warlord
 20494 | Orc:2    | Killed an orc warlord
 20618 | Orc:2    | Found Jodesyof's Antique Armour Boutique.
 20619 | Orc:2    | Found a roughly hewn altar of Beogh.
 20622 | Orc:2    | Found Ceciriw's Antique Weapon Shop.
 20717 | Orc:2    | Found a roughly hewn altar of Beogh.
 20797 | Orc:2    | Found a roughly hewn altar of Beogh.
 20944 | Orc:2    | Bought a jewelled helmet for 237 gold pieces
 20949 | Orc:2    | Identified the +2 helmet of Raerim {MR+} (You bought it in
                  | a shop on level 2 of the Orcish Mines)
 20951 | Orc:2    | Bought a plate armour for 575 gold pieces
 20951 | Orc:2    | Bought a pair of boots for 112 gold pieces
 21286 | Shoals:1 | Entered Level 1 of the Shoals
 22213 | Shoals:2 | Reached skill level 1 in Stealth
 22375 | Shoals:2 | Reached skill level 15 in Fighting
 22799 | Shoals:2 | Killed from afar by a water nymph

Levels and vault maps discovered:
D:1:      scummos_arrival_hexagon, layout_rooms
D:2:      cheibrodos_old_hovel, layout_basic, grunt_temple_overflow_open,
          first_ration, uniq_natasha
D:3:      layout_loops_ring, marbit_many_paths, serial_glass, glass_columns_a,
          glass_columns_a, nemelex_lonely_heart_becter, uniq_jessica
D:4:      layout_basic, minmay_temple_entry_poolview, serial_shops, shop,
          minmay_cupped, uniq_menkaure, uniq_pikel
D:5:      layout_cave_pools, ebering_ghost_reflecting_pool
D:6:      layout_gridville, kennysheep_mini_moat
D:7:      layout_rooms, lemuel_doored_altar
D:8:      layout_gridville, ebering_ghost_rock_garden, uniq_erica
D:9:      layout_basic
D:10:     layout_cave_pools, serial_gnoll_camp, grums_kennel,
          gnoll_camp_mini_doghouse, gnoll_camp_mini_hut, gnoll_camp_mini_hut,
          gnoll_camp_medium_01, gnoll_camp_mini_sergeant, special_room
          [special_room_orc], grunt_tengu_nest
D:11:     layout_cross, david_lair_shrubbed, zombieorc2_lemuel, serial_shops,
          nicolae_shop_waterfront
Lair:1:   layout_chaotic_city, lemuel_altar_in_water2, minmay_lair_oklob_chamber
Lair:2:   layout_regular_city, kennysheep_snail_temple, grunt_megastairs_4,
          uniq_urug
Lair:3:   layout_long_grid, uniq_nergalle, uniq_fannar
Lair:4:   layout_long_grid, minmay_shoals_entry_beasts,
          spider_nest_entry_rubble, lemuel_fruit_fields, uniq_rupert,
          uniq_josephine
Lair:5:   layout_regular_city, serial_bayou, serial_bayou_crossing,
          serial_bayou_lagoon_a, serial_bayou_pond_e, serial_bayou_pond_c,
          beast_lair_carwin_10
Lair:6:   guppyfry_lair_end_dragon, layout_cave_pods,
          hangedman_lair_caniforms_friends, slime_dummy
Shoals:1: layout_shoals
Shoals:2: layout_shoals
Orc:1:    layout_caves
Orc:2:    grunt_orc_community_town_hall, layout_diamond_mine,
          grunt_orc_community_big_house_2, grunt_orc_community_big_house_1,
          grunt_orc_community_house_1, grunt_orc_community_house_2,
          grunt_orc_community_house_2, grunt_orc_community_house_2,
          grunt_orc_community_house_2, sword_in_stone, uniq_snorg

Skill      XL: |  1  2  3  4  5  6  7  8  9 10 11 12 13 14 15 |
---------------+----------------------------------------------+-----
Fighting       | 4 5 6 7 8 9 10 11 12 13 15 | 15.2
Axes           | 5 6 7 9 11 12 14 16 17 18 19 | 19.8
Dodging        | 2 3 5 6 7 8 |  8.1
Armour         | 3 4 5 6 7 8 9 11 12 13 14 | 14.5
Shields        | 2 5 6 |  6.5
Maces & Flails | 2 4 |  4.4
Stealth        | 1 |  1.0

Action                   |  1- 3 |  4- 6 |  7- 9 | 10-12 | 13-15 || total
-------------------------+-------+-------+-------+-------+-------++-------
Melee: Hand axe          |    72 |   219 |   103 |   391 |       ||   785
       Broad axe         |       |       |   195 |    19 |       ||   214
       War axe           |       |       |    30 |       |       ||    30
       Executioner's axe |       |       |       |   318 |   623 ||   941
       Eveningstar       |       |       |       |       |   109 ||   109
       Battleaxe         |       |       |       |       |    36 ||    36
Invok: Berserk           |     1 |     3 |     5 |     9 |    15 ||    33
       Trog's Hand       |       |       |     1 |     2 |    18 ||    21
       Brothers in Arms  |       |       |       |     6 |     9 ||    15
  Use: Scroll            |       |     1 |     5 |    12 |     4 ||    22
       Potion            |       |       |       |     7 |     3 ||    10
 Stab: Distracted        |       |       |       |     1 |       ||     1
  Eat: Chunk             |       |     3 |     6 |     3 |     2 ||    14
       Ration            |       |     2 |     4 |     8 |    16 ||    30
Armor: Animal skin       |     7 |       |       |       |       ||     7
       Plate armour      |    31 |    59 |   294 |   396 |   638 ||  1418
       Scale mail        |       |    38 |       |       |       ||    38
       Skin              |       |       |       |       |     1 ||     1
Dodge: Dodged            |    42 |    79 |   122 |   318 |   552 ||  1113
Block: Shield            |       |       |    35 |    81 |       ||   116
